 Dungeon Crawl Stone Soup version 0.27.1 (webtiles) character file.

Game seed: 2638698251939697989

368855 BOMJPIETVODKU the Gnoll Aeon (level 22, -1/224 HPs)
             Began as a Gnoll Earth Elementalist on Sept 2, 2021.
             Was the Champion of Cheibriados.
             Slain by a hell knight (16 damage)
             ... on level 1 of the Depths on Sept 3, 2021.
             The game lasted 02:51:36 (51568 turns).

BOMJPIETVODKU the Gnoll Aeon (GnEE)                Turns: 51568, Time: 02:51:37

Health: -1/224     AC: 36    Str: 24      XL:     22   Next: 62%
Magic:  27/50      EV: 29    Int: 44 (45) God:    Cheibriados [******]
Gold:   2439       SH: 15    Dex: 30      Spells: 10/51 levels left

rFire    . . .     SeeInvis .   A - +9 demon blade (spect)
rCold    . . .     Faith    .   i - +0 buckler
rNeg     + + +     Spirit   .   (armour currently unavailable)
rPois    ∞         Reflect  +   n - +1 helmet
rElec    +         Harm     .   I - +2 cloak of Valour {rN+ MP+9 Int+3}
rCorr    .         Rampage  .   (gloves currently unavailable)
Will     ++...                  (boots currently unavailable)
Stlth    ++++++++..             g - amulet of reflection
HPRegen  0.47/turn              W - ring of Uxtako {rN+ Will+ Int+6 Stlth+}
MPRegen  0.32/turn              U - ring of wizardry

@: about to teleport, statue-form, very slow
A: slow and powerful, torment resistance 1, boosted hp, fangs 1, strong nose,
distributed training, subdued magic 1
}: 2/15 runes: serpentine, barnacled
a: End Transformation, Renounce Religion, Bend Time, Temporal Distortion,
Slouch, Step From Time


You were on level 1 of the Depths.
You worshipped Cheibriados.
Cheibriados was exalted by your worship.
You were a living statue of rough stone.
You visited 10 branches of the dungeon, and saw 40 of its levels.
You also visited: Ossuary and Volcano.

You collected 6410 gold pieces.
You spent 3971 gold pieces at shops.

Inventory:

Hand Weapons
 A - a +9 spectral demon blade (weapon)
Missiles
 N - 9 throwing nets
 X - 14 curare-tipped darts
Armour
 i - a +0 buckler (worn)
 m - a +2 pair of boots of stealth (melded)
 n - a +1 helmet (worn)
 w - a +0 pair of gloves (melded)
 I - the +2 cloak of Valour (worn) {rN+ MP+9 Int+3}
   (You found it on level 7 of the Dungeon)

   Int:       It affects your intelligence (+3).
   rN:        It protects you from negative energy.
   MP:        It affects your magic capacity (+9).
 Q - the +0 ring mail of a bazaar (melded) {+Inv rF+ rC++ Dex-5}
   (You found it on level 10 of the Dungeon)

   Dex:       It affects your dexterity (-5).
   rF:        It protects you from fire.
   rC:        It greatly protects you from cold.
   +Inv:      It lets you turn invisible.
Jewellery
 b - a ring of protection from fire
 f - a ring of positive energy
 g - an amulet of reflection (around neck)
 y - a ring of protection from cold
 B - a ring of willpower
 L - a ring of see invisible
 P - a ring of protection from fire
 U - a ring of wizardry (right fist)
 W - the ring of Uxtako (left fist) {rN+ Will+ Int+6 Stlth+}
   (You found it on level 4 of the Shoals)

   [ring of intelligence]

   Int:       It affects your intelligence (+6).
   rN:        It protects you from negative energy.
   Will:      It increases your willpower.
   Stlth:     It makes you more stealthy.
Wands
 l - a wand of digging (10)
 q - a wand of mindburst (41)
 r - a wand of iceblast (88) (quivered)
 x - a wand of acid (8)
 C - a wand of charming (4)
 H - a wand of paralysis (35)
 M - a wand of polymorph (30)
Scrolls
 a - 9 scrolls of teleportation
 c - a scroll of enchant weapon
 d - 5 scrolls of fog
 k - a scroll of silence
 v - 9 scrolls of noise
 D - a scroll of summoning
 E - 2 scrolls of fear
 G - 7 scrolls of magic mapping
 O - 5 scrolls of amnesia
 S - 4 scrolls of blinking
 Y - 23 scrolls of identify
 Z - 8 scrolls of enchant armour
Potions
 e - a potion of invisibility
 h - 6 potions of cancellation
 j - 4 potions of flight
 o - 5 potions of magic
 p - 4 potions of mutation
 s - a potion of might
 t - 11 potions of curing
 u - a potion of brilliance
 z - 4 potions of heal wounds
 F - 6 potions of ambrosia
 J - 7 potions of attraction
 T - 2 potions of resistance
Miscellaneous
 K - a condenser vane


   Skills:
 + Level 14.6 Fighting
 + Level 14.6 Short Blades
 + Level 14.6 Long Blades
 + Level 14.6 Axes
 + Level 14.6 Maces & Flails
 + Level 14.6 Polearms
 + Level 14.6 Staves
 + Level 14.6 Slings
 + Level 14.6 Bows
 + Level 14.6 Crossbows
 + Level 14.6 Throwing
 + Level 14.6 Armour
 + Level 15.2 Dodging
 + Level 15.1 Stealth
 + Level 14.6 Shields
 + Level 14.6 Unarmed Combat
 + Level 15.3 Spellcasting
 + Level 12.6 Conjurations
 + Level 12.6 Hexes
 + Level 12.6 Summonings
 + Level 12.6 Necromancy
 + Level 12.6 Translocations
 + Level 12.8 Transmutations
 + Level 12.6 Fire Magic
 + Level 12.6 Ice Magic
 + Level 12.6 Air Magic
 + Level 13.5 Earth Magic
 + Level 12.6 Poison Magic
 + Level 15.8 Invocations
 + Level 14.6 Evocations


You had 10 spell levels left.
You knew the following spells:

 Your Spells              Type           Power      Damage    Failure   Level
a - Starburst             Conj/Fire      42%        6d12      1%          6
b - Passwall              Tmut/Erth      71%        N/A       0%          2
c - Stone Arrow           Conj/Erth      100%       3d13      0%          3
d - Wereblood             Tmut           85%        N/A       0%          2
e - Olgreb's Toxic Radia  Pois           84%        N/A       0%          4
f - Lee's Rapid Deconstr  Erth           43%        3d22*     1%          5
g - Summon Hydra          Summ           42%        N/A       1%          7
h - Statue Form           Tmut/Erth      57%        N/A       1%          6
i - Blink                 Tloc           N/A        N/A       0%          2
j - Summon Lightning Spi  Summ/Air       84%        N/A       0%          4

Your spell library contained the following spells:

 Spells                   Type           Power      Damage    Failure   Level
 Animate Skeleton         Necr           100%       N/A       0%          1
 Corona                   Hex            93%        N/A       0%          1
 Freeze                   Ice            100%       1d11      0%          1
 Sandblast                Erth           100%       2d20      0%          1
 Shock                    Conj/Air       100%       1d9       0%          1
 Sting                    Tmut/Pois      100%       1d8       0%          1
 Ensorcelled Hibernation  Hex/Ice        100%       N/A       0%          2
 Poisonous Vapours        Pois/Air       100%       N/A       0%          2
 Sublimation of Blood     Necr           42%        N/A       0%          2
 Dazzling Flash           Conj/Hex       100%       N/A       0%          3
 Frozen Ramparts          Ice            100%       1d12      0%          3
 Gell's Gravitas          Tloc           42%        N/A       0%          3
 Lesser Beckoning         Tloc           42%        N/A       0%          3
 Portal Projectile        Hex/Tloc       100%       N/A       0%          3
 Spider Form              Tmut/Pois      42%        N/A       0%          3
 Summon Guardian Golem    Hex/Summ       84%        N/A       0%          3
 Swiftness                Air            84%        N/A       0%          3
 Teleport Other           Tloc           84%        N/A       0%          3
 Tukima's Dance           Hex            84%        N/A       0%          3
 Vampiric Draining        Necr           42%        2d12      0%          3
 Airstrike                Air            42%        N/A       0%          4
 Animate Armour           Summ/Erth      100%       N/A       0%          4
 Dispel Undead            Necr           84%        3d27      0%          4
 Hailstorm                Conj/Ice       84%        3d17      0%          4
 Ice Form                 Ice/Tmut       84%        N/A       0%          4
 Iskenderun's Mystic Bla  Conj/Tloc      84%        2d17      0%          4
 Petrify                  Tmut/Erth      86%        N/A       0%          4
 Blade Hands              Tmut           42%        N/A       1%          5
 Borgnjor's Vile Clutch   Necr/Erth      43%        N/A       1%          5
 Excruciating Wounds      Necr           42%        N/A       1%          5
 Irradiate                Conj/Tmut      42%        3d27      1%          5
 Iskenderun's Battlesphe  Conj           84%        2d13      1%          5
 Lightning Bolt           Conj/Air       42%        1d61      1%          5
 Manifold Assault         Tloc           84%        N/A       1%          5
 Metabolic Englaciation   Hex/Ice        42%        N/A       1%          5
 Summon Forest            Summ/Tloc      42%        N/A       1%          5
 Summon Mana Viper        Hex/Summ       84%        N/A       1%          5
 Conjure Ball Lightning   Conj/Air       42%        3x3d15    1%          6
 Death Channel            Necr           42%        N/A       1%          6
 Dispersal                Tloc           42%        N/A       1%          6
 Invisibility             Hex            42%        N/A       1%          6
 Iron Shot                Conj/Erth      43%        9d8       1%          6
 Shadow Creatures         Summ           N/A        N/A       1%          6
 Simulacrum               Ice/Necr       42%        N/A       1%          6
 Dragon Form              Tmut           42%        N/A       1%          7
 Haunt                    Necr/Summ      42%        N/A       1%          7
 Orb of Destruction       Conj           42%        9d14      1%          7
 Spellforged Servitor     Conj/Summ      42%        N/A       1%          7
 Storm Form               Tmut/Air       42%        N/A       1%          7
 Lehudib's Crystal Spear  Conj/Erth      43%        10d10     9%          8
 Borgnjor's Revivificati  Necr           42%        N/A       10%         8
 Discord                  Hex            42%        N/A       10%         8
 Disjunction              Tloc           42%        N/A       10%         8
 Infestation              Necr           42%        N/A       10%         8
 Necromutation            Tmut/Necr      42%        N/A       10%         8
 Death's Door             Necr           42%        N/A       82%         9


Dungeon Overview and Level Annotations

Branches:
Dungeon (15/15)            Temple (1/1) D:4            Lair (6/6) D:11
 Shoals (4/4) Lair:3        Snake (4/4) Lair:2        Slime (0/5) Lair:6
    Orc (2/2) D:11            Elf (0/3) Orc:2        Vaults (3/5) D:13
  Crypt (3/3) Vaults:3       Tomb (1/3) Crypt:3      Depths (1/5) D:15
Ossuary (visited)         Volcano (visited)

Altars:
Ashenzari
Cheibriados
Fedhas
Gozag
Hepliaklqana
Kikubaaqudgha
Makhleb
Qazlal
Sif Muna
Uskayaw
Wu Jian
Xom
The Shining One
Beogh

Shops:
D:7 (   D:9 *   D:10 (=   Orc:2 ?((:(?(   Shoals:3 *   Shoals:4 [   Snake:4 ?(
Vaults:1 !

Portals:
Trove: D:12 (give 5 scrolls of blinking)


Innate Abilities, Weirdness & Mutations

You are a living statue of rough stone.
Your actions are slow, but your melee attacks are powerful.
You are resistant to unholy torment.
Your maximum health is greatly increased.
You are immune to poison.
Your equipment is partially melded.
You have very sharp teeth.
Your uncanny sense of smell can sniff out nearby items.
Your experience applies equally to all skills.
Your spells are a little easier to cast, but a little less powerful.


Message History

The glowing orange brain is severely wounded.
The bolt of fire hits the deep troll!!
The deep troll is severely wounded.
The bolt of fire hits the spriggan defender simulacrum!!!!
The spriggan defender simulacrum melts!
The spriggan defender simulacrum vaporises!
Cheibriados thoroughly appreciates the change of pace.
You hear a sizzling sound!
The bolt of fire hits the necromancer!!!
You kill the necromancer!
Cheibriados thoroughly appreciates the change of pace.
The hell knight hits you with a +4 war axe of pain!
The hell knight completely misses you.
You riposte.
You slice the hell knight!!
You bite the hell knight, but do no damage.
The hell knight is severely wounded.
The hell knight hits you with a +4 war axe of flaming!!
The hell knight burns you.
* * * LOW HITPOINT WARNING * * *
You block the hell knight's attack.
The hell knight hits you with a +3 demon whip.
* * * LOW HITPOINT WARNING * * *
The hell knight barely misses you.
A fire giant zombie comes into view.
The hell knight barely misses you.
You riposte.
You barely miss the hell knight.
As you read the scroll of teleportation, it crumbles to dust.
You feel strangely unstable.
The hell knight gestures at you while chanting.
The bolt of fire hits you!!
* * * LOW HITPOINT WARNING * * *
You block the hell knight's attack. The hell knight completely misses you.
You block the hell knight's attack. The hell knight barely misses you.
The hell knight hits you with a +4 war axe of pain!!
* * * LOW HITPOINT WARNING * * *
A stone giant skeleton comes into view.
The deep troll shaman calls upon its god to strengthen the deep troll earth mage.
The deep troll earth mage seems to grow stronger.
The hell knight completely misses you.
The hell knight hits you with a +3 demon whip!
You die...

#.............
+.............
#.............
###......###+#
#......# #.....T#
#....TG###.###
.###...TpppZ....+
...'..TTp8#
.###.TZ...#
##'##+## ... ####
∆∆∆∆ ∆


You could see 2 iron trolls, 4 hell knights, a glowing orange brain, 2 deep
trolls, a deep troll earth mage (summoned, strong), a deep troll shaman
(summoned), a fire giant zombie and a stone giant skeleton (wandering).

Vanquished Creatures
  A dread lich (Crypt:3)
  Mara (Shoals:4)
  3 royal mummies (Tomb:1)
  Vashnia (Snake:4)
  Nikola (Shoals:4)
  A bone dragon (Crypt:3)
  Rupert (D:12)
  4 liches
  A kraken (Shoals:1)
  A storm dragon (D:12)
  4 ancient champions
  Agnes (Snake:3)
  5 sphinxes (Tomb:1)
  Kirke (Shoals:1)
  4 revenants
  A fire giant (D:12)
  Aizul (Shoals:1)
  7 nagarajas
  2 frost giants
  10 vault wardens
  An orc warlord (D:10)
  6 war gargoyles
  2 stone giants
  A reaper (Crypt:2)
  4 ghouls
  2 ironbound preservers
  8 vampire knights
  4 dire elephants (Vaults:1)
  4 merfolk javelineers
  An eidolon (Crypt:1)
  3 crystal guardians
  4 ettins
  8 merfolk impalers
  A deep elf death mage (Crypt:1)
  6 jiangshi (Crypt:1)
  Josephine (D:15)
  7 mummy priests (Tomb:1)
  2 fire dragons
  3 great orbs of eyes
  2 ironbound thunderhulks
  8 yaktaur captains
  A rakshasa (D:14)
  19 naga warriors
  3 peacekeepers
  4 vault guards (Vaults:2)
  Harold (D:10)
  2 salamander tyrants (Snake:4)
  6 hydras
  6 boulder beetles
  4 ironbound frosthearts
  2 merfolk aquamancers (Shoals:4)
  2 merfolk avatars (Shoals:4)
  12 centaur warriors
  A satyr (shapeshifter) (D:12)
  9 anacondas
  11 death scarabs (Tomb:1)
  An ogre mage (D:12)
  A death knight (D:10)
  4 two-headed ogres
  4 dancing weapons (Crypt:3)
  The ghost of Skiberibeda the Geomancer, a journeyman GrEE of Vehumet (D:10)
  A satyr (Shoals:2)
  4 tengu warriors
  8 vampire magi
  A titan zombie (Crypt:3)
  A deep troll earth mage (Depths:1)
  Nergalle (D:12)
  15 naga sharpshooters
  4 ironbound beastmasters
  5 hell knights
  3 orc high priests (Orc:2)
  An iron troll (Depths:1)
  8 shock serpents
  A shadow wraith (Crypt:2)
  A golden dragon zombie (Crypt:1)
  9 sea snakes
  8 salamander mystics
  A glowing orange brain (Depths:1)
  21 skeletal warriors
  A flayed ghost (D:12)
  6 deep trolls
  3 deep elf archers
  8 phantasmal warriors
  2 golden dragon skeletons
  7 necromancers
  7 wizards
  6 lindwurms
  An anaconda skeleton (Crypt:2)
  3 bog bodies
  2 deep elf zephyrmancers (D:13)
  6 naga ritualists
  6 orc knights
  15 harpies
  A deep elf pyromancer (D:15)
  14 mana vipers
  7 ironbound convokers
  30 ugly things
  A wolf spider (D:12)
  4 orc sorcerers
  An orb spider (shapeshifter) (D:14)
  14 salamanders
  15 fauns
  7 cyclopes
  10 manticores
  A stone giant skeleton (Crypt:3)
  28 black mambas
  5 merfolk sirens
  6 vault sentinels
  5 water nymphs (Shoals:4)
  A frost giant skeleton (Crypt:1)
  A molten gargoyle (D:15)
  8 guardian serpents
  A smoke demon (Volcano)
  A guardian serpent (shapeshifter) (D:13)
  3 elephants (Lair:4)
  16 naga magi
  14 cane toads
  A gargoyle (D:13)
  4 centaur skeletons (D:13)
  A cane toad (shapeshifter) (D:10)
  A grey draconian zombie (Crypt:2)
  A kobold demonologist (D:10)
  A minotaur zombie (Crypt:2)
  2 tengu conjurers
  39 yaktaurs
  A dire elephant skeleton (Crypt:1)
  2 rime drakes
  3 efreet
  8 komodo dragons
  2 freezing wraiths
  13 guardian mummies
  A red draconian skeleton (Crypt:1)
  7 hornets (Lair:6)
  2 trolls
  7 polar bears
  7 wind drakes
  19 merfolk
  2 spectral guardian serpents (Crypt:1)
  A fire giant simulacrum (Depths:1)
  17 slime creatures
  18 blink frogs
  2 ettin zombies
  6 snapping turtles
  4 dream sheep (Shoals:3)
  A meliai zombie (D:11)
  8 water elementals
  53 flying skulls
  A guardian serpent skeleton (Crypt:1)
  An ice dragon skeleton (Depths:1)
  24 spriggans
  4 shadows
  A spriggan simulacrum (Depths:1)
  A stone giant simulacrum (Depths:1)
  2 ushabtiu (Tomb:1)
  26 yaks
  3 wyverns
  12 wraiths
  2 nameless horrors
  5 hogs (Shoals:1)
  14 vampire mosquitoes
  2 basilisks
  32 nagas
  2 acid dragons
  3 hell hounds (Volcano)
  13 water moccasins
  An orb spider zombie (Crypt:1)
  16 orc warriors
  A hornet zombie (Crypt:2)
  2 sky beasts
  A meliai simulacrum (D:12)
  2 black bears
  A cane toad skeleton (Crypt:1)
  6 necrophages
  5 ogres
  An ice beast (D:6)
  An ice dragon simulacrum (Crypt:1)
  4 boggarts
  33 wolves
  19 centaurs
  A phantom (D:5)
  A kobold brigand (D:8)
  A manticore skeleton (Crypt:1)
  A palentonga zombie (Crypt:1)
  12 bullfrogs
  A yaktaur zombie (Crypt:1)
  2 gnoll sergeants
  A scorpion (D:4)
  A wyvern skeleton (D:6)
  A water moccasin skeleton (D:4)
  10 wights
  3 killer bees (D:9)
  A crimson imp (D:8)
  2 howler monkeys
  A bullfrog zombie (D:5)
  9 centaur zombies
  5 hounds
  2 jellies
  2 gnoll shamans
  19 orc priests
  A bullfrog skeleton (D:5)
  An iguana (D:5)
  13 orc wizards
  8 hell rats
  A killer bee zombie (D:8)
  A felid skeleton (Crypt:1)
  A hound zombie (D:5)
  2 naga skeletons
  A hound skeleton (D:4)
  11 mummies
  19 gnolls
  4 adders
  A shadow imp (D:5)
  An ufetubus (D:4)
  3 adder zombies (Ossuary)
  A worm (D:5)
  49 orcs
  12 ball pythons
  4 bats
  10 endoplasms
  2 gnoll zombies
  3 hobgoblins
  2 jackals (D:4)
  15 kobolds
  7 quokkas
  5 frilled lizards
  A giant cockroach zombie (Crypt:2)
  5 goblins
  2 goblin zombies
  7 hobgoblin zombies
  3 kobold zombies (Ossuary)
  3 quokka zombies (Ossuary)
  4 rats
  A rat zombie (Ossuary)
  A plant (Shoals:3)
  4 tentacles (Shoals:1)
1343 creatures vanquished.

Vanquished Creatures (collateral kills)
  2 ghouls (Crypt:1)
  A vampire knight (Crypt:2)
  A merfolk javelineer (Shoals:3)
  A crystal guardian (Crypt:3)
  A merfolk impaler (Shoals:4)
  A naga warrior (Snake:3)
  A hydra (Lair:4)
  A boulder beetle (Vaults:2)
  A death knight (Crypt:1)
  A dancing weapon (Crypt:3)
  4 death scarabs (Tomb:1)
  A naga sharpshooter (Snake:4)
  A soul eater (Crypt:1)
  A sea snake (Shoals:2)
  A salamander mystic (Snake:3)
  4 skeletal warriors
  2 naga ritualists
  A phantasmal warrior (Crypt:1)
  4 ugly things
  3 mana vipers (Snake:3)
  2 necromancers (Crypt:3)
  A salamander (Snake:4)
  A black mamba (Snake:2)
  A naga mage (Snake:2)
  A cane toad (Lair:6)
  A yaktaur (Vaults:3)
  2 freezing wraiths (Crypt:1)
  A rime drake (Lair:6)
  4 guardian mummies
  A polar bear (Lair:6)
  A jumping spider zombie (Crypt:2)
  A harpy skeleton (Crypt:3)
  2 yaks
  5 nagas (Snake:3)
  A water moccasin (Lair:4)
  A black bear (Lair:6)
  A necrophage (Crypt:1)
  A lindwurm zombie (Crypt:2)
  A wolf (Lair:6)
  A warg skeleton (Crypt:2)
  A black bear zombie (Crypt:1)
  A centaur skeleton (D:7)
  5 hell rats (Lair:4)
  3 mummies
  4 gnolls (D:7)
  A steam dragon skeleton (Crypt:1)
  An orc (D:7)
  2 kobold skeletons
81 creatures vanquished.

Vanquished Creatures (others)
  A deep troll earth mage (D:10)
  Sonja (Lair:1)
  An orc sorcerer (Orc:2)
  A manticore (Shoals:4)
  A fire giant zombie (Crypt:1)
  A black mamba (Snake:4)
  A merfolk (Shoals:3)
  A shadow (D:7)
  An orc wizard (Orc:2)
  32 fungi
  165 plants
  4 tentacles (Shoals:1)
  4 withered plants (D:11)
214 creatures vanquished.

Grand Total: 1638 creatures vanquished

Notes
Turn   | Place    | Note
-------+----------+-------------------------------------------
     0 | D:1      | BOMJPIETVODKU the Gnoll Earth Elementalist began the quest
                  | for the Orb.
     0 | D:1      | Reached XP level 1. HP: 13/13 MP: 6/6
   512 | D:1      | Reached XP level 2. HP: 19/19 MP: 7/7
  1090 | D:1      | Found a faded altar of an unknown god.
  1449 | D:1      | Reached XP level 3. HP: 25/25 MP: 7/9
  1571 | D:2      | Reached skill level 5 in Spellcasting
  1610 | D:2      | Reached skill level 1 in Invocations
  2159 | D:2      | Reached skill level 1 in Fighting
  2159 | D:2      | Reached skill level 1 in Short Blades
  2159 | D:2      | Reached skill level 1 in Long Blades
  2159 | D:2      | Reached skill level 1 in Axes
  2159 | D:2      | Reached skill level 1 in Maces & Flails
  2159 | D:2      | Reached skill level 1 in Polearms
  2159 | D:2      | Reached skill level 1 in Staves
  2159 | D:2      | Reached skill level 1 in Slings
  2159 | D:2      | Reached skill level 1 in Bows
  2159 | D:2      | Reached skill level 1 in Crossbows
  2159 | D:2      | Reached skill level 1 in Throwing
  2159 | D:2      | Reached skill level 1 in Armour
  2159 | D:2      | Reached skill level 1 in Shields
  2159 | D:2      | Reached skill level 1 in Unarmed Combat
  2159 | D:2      | Reached skill level 1 in Evocations
  2159 | D:2      | Reached XP level 4. HP: 19/32 MP: 7/11
  3129 | D:3      | Reached skill level 1 in Conjurations
  3129 | D:3      | Reached skill level 1 in Hexes
  3129 | D:3      | Reached skill level 1 in Summonings
  3129 | D:3      | Reached skill level 1 in Necromancy
  3129 | D:3      | Reached skill level 1 in Translocations
  3129 | D:3      | Reached skill level 1 in Fire Magic
  3129 | D:3      | Reached skill level 1 in Ice Magic
  3129 | D:3      | Reached skill level 1 in Air Magic
  3129 | D:3      | Reached skill level 1 in Poison Magic
  3804 | D:4      | Noticed a scorpion
  3816 | D:4      | Killed a scorpion
  3817 | D:4      | Reached XP level 5. HP: 28/37 MP: 3/12
  3891 | D:4      | Found a sand-covered staircase.
  3941 | Ossuary  | Entered an ossuary
  3966 | Ossuary  | Reached XP level 6. HP: 23/44 MP: 0/13
  4570 | Ossuary  | Identified 2 scrolls of acquirement
  4570 | Ossuary  | Acquired a +2 demon blade of venom
  4604 | D:4      | Reached skill level 5 in Dodging
  4693 | D:4      | Acquired 1044 gold pieces
  5213 | D:4      | Found a staircase to the Ecumenical Temple.
  5219 | Temple   | Entered the Ecumenical Temple
  5295 | Temple   | Became a worshipper of Cheibriados the Contemplative
  5406 | D:5      | Entered Level 5 of the Dungeon
  5434 | D:5      | Found a hide-covered altar of Uskayaw.
  5442 | D:5      | Reached XP level 7. HP: 48/50 MP: 15/15
  5742 | D:5      | Reached skill level 5 in Stealth
  5796 | D:5      | Learned a level 2 spell: Passwall
  5800 | D:5      | Learned a level 3 spell: Stone Arrow
  6319 | D:6      | Reached XP level 8. HP: 45/57 MP: 16/16
  6323 | D:6      | Reached * piety under Cheibriados
  6822 | D:6      | Reached XP level 9. HP: 62/65 MP: 18/18
  6878 | D:6      | Found a broken altar of Ashenzari.
  7245 | D:7      | Learned a level 2 spell: Wereblood
  7300 | D:7      | Reached ** piety under Cheibriados
  7392 | D:7      | Found a glowing golden altar of the Shining One.
  7392 | D:7      | Noticed an efreet
  7393 | D:7      | Identified the +2 cloak of Valour {rN+ MP+9 Int+3}
  7525 | D:7      | Found a transporter.
  7690 | D:7      | Found a transporter.
  7897 | D:7      | Found Fesmiewkut's Hydra Hut.
  7898 | D:7      | Noticed a six-headed hydra
  8218 | D:7      | Found a blossoming altar of Fedhas.
  8694 | D:8      | Found a stormy altar of Qazlal.
  8706 | D:8      | Reached skill level 5 in Invocations
  8790 | D:8      | Reached XP level 10. HP: 45/73 MP: 20/20
  8965 | D:8      | Reached *** piety under Cheibriados
  9231 | D:8      | Found a shimmering altar of Xom.
  9232 | D:8      | Found a burning altar of Makhleb.
  9417 | D:9      | Reached skill level 5 in Fighting
  9417 | D:9      | Reached skill level 5 in Short Blades
  9417 | D:9      | Reached skill level 5 in Long Blades
  9417 | D:9      | Reached skill level 5 in Axes
  9417 | D:9      | Reached skill level 5 in Maces & Flails
  9417 | D:9      | Reached skill level 5 in Polearms
  9417 | D:9      | Reached skill level 5 in Staves
  9417 | D:9      | Reached skill level 5 in Slings
  9417 | D:9      | Reached skill level 5 in Bows
  9417 | D:9      | Reached skill level 5 in Crossbows
  9417 | D:9      | Reached skill level 5 in Throwing
  9417 | D:9      | Reached skill level 5 in Armour
  9417 | D:9      | Reached skill level 5 in Shields
  9417 | D:9      | Reached skill level 5 in Unarmed Combat
  9417 | D:9      | Reached skill level 5 in Evocations
  9440 | D:9      | Noticed a two-headed ogre
  9444 | D:9      | Killed a two-headed ogre
  9582 | D:9      | Found Zonouf's Hallowed Reliquary.
  9586 | D:9      | Noticed an angel
  9590 | D:9      | Bought a scroll of holy word for 112 gold pieces
  9590 | D:9      | Bought a potion of heal wounds for 75 gold pieces
  9590 | D:9      | Bought a potion of heal wounds for 75 gold pieces
  9722 | D:9      | Noticed a two-headed ogre
  9728 | D:9      | Killed a two-headed ogre
  9729 | D:9      | Reached skill level 5 in Transmutations
  9949 | D:10     | Entered Level 10 of the Dungeon
 10004 | D:10     | Noticed a kobold demonologist
 10010 | D:10     | Killed a kobold demonologist
 10323 | D:10     | Noticed Harold
 10330 | D:10     | Killed Harold
 10331 | D:10     | Reached XP level 11. HP: 81/81 MP: 13/22
 10433 | D:10     | Found Yruxuuxa's Jewellery Shoppe.
 10450 | D:10     | Bought a ring of protection from fire for 300 gold pieces
 10481 | D:10     | Identified the +0 ring mail of a bazaar {+Inv rF+ rC++
                  | Dex-5}
 10486 | D:10     | Found a large runed translucent door.
 10486 | D:10     | Found a large runed translucent door.
 10487 | D:10     | Noticed Skiberibeda's ghost (journeyman GrEE)
 10500 | D:10     | Killed Skiberibeda's ghost
 10501 | D:10     | Reached skill level 5 in Conjurations
 10501 | D:10     | Reached skill level 5 in Hexes
 10501 | D:10     | Reached skill level 5 in Summonings
 10501 | D:10     | Reached skill level 5 in Necromancy
 10501 | D:10     | Reached skill level 5 in Translocations
 10501 | D:10     | Reached skill level 5 in Fire Magic
 10501 | D:10     | Reached skill level 5 in Ice Magic
 10501 | D:10     | Reached skill level 5 in Air Magic
 10501 | D:10     | Reached skill level 5 in Poison Magic
 10752 | D:10     | Noticed a tengu warrior
 10752 | D:10     | Noticed a death knight
 10752 | D:10     | Noticed a cyclops
 10765 | D:10     | Reached **** piety under Cheibriados
 10775 | D:10     | Killed a cyclops
 10783 | D:10     | Killed a tengu warrior
 10790 | D:10     | Killed a death knight
 10955 | D:10     | Noticed an orc warlord
 10955 | D:10     | Noticed a deep troll earth mage
 10955 | D:10     | Found the +11 plutonium sword {Contam Stlth-}
 10959 | D:10     | Killed a deep troll earth mage
 10981 | D:10     | Killed an orc warlord
 11768 | D:10     | Found Itili's Weapon Boutique.
 11774 | D:10     | Learned a level 4 spell: Olgreb's Toxic Radiance
 11964 | D:11     | Noticed an eight-headed hydra
 11978 | D:11     | Killed a ten-headed hydra
 12181 | D:11     | Found a staircase to the Orcish Mines.
 12250 | D:11     | Noticed a red ugly thing
 12265 | D:11     | Killed a red ugly thing
 12266 | D:11     | Reached XP level 12. HP: 78/89 MP: 20/24
 12430 | D:11     | Found a staircase to the Lair.
 12834 | Orc:1    | Entered Level 1 of the Orcish Mines
 12957 | Orc:1    | Reached ***** piety under Cheibriados
 13350 | Orc:2    | Entered Level 2 of the Orcish Mines
 13535 | Orc:2    | Found Aceirrit's Antique Weapon Boutique.
 13555 | Orc:2    | Found Lehusy's Magic Scroll Shoppe.
 13564 | Orc:2    | Bought a scroll of identify for 26 gold pieces
 13564 | Orc:2    | Bought a scroll of magic mapping for 45 gold pieces
 13564 | Orc:2    | Bought a scroll of identify for 26 gold pieces
 13564 | Orc:2    | Bought a scroll of identify for 26 gold pieces
 13564 | Orc:2    | Bought a scroll of identify for 26 gold pieces
 13564 | Orc:2    | Bought a scroll of fog for 26 gold pieces
 13564 | Orc:2    | Bought a scroll of identify for 26 gold pieces
 13564 | Orc:2    | Bought a scroll of identify for 26 gold pieces
 13564 | Orc:2    | Bought a scroll of identify for 26 gold pieces
 13564 | Orc:2    | Bought a scroll of vulnerability for 97 gold pieces
 13564 | Orc:2    | Bought a scroll of immolation for 45 gold pieces
 13699 | Orc:2    | Found Gepputoqev's Antique Weapon Shoppe.
 13707 | Orc:2    | Bought a steaming falchion for 248 gold pieces
 13707 | Orc:2    | Identified the +0 falchion "Newtslayer" {venom, Int+4
                  | Stlth+} (You bought it in a shop on level 2 of the Orcish
                  | Mines)
 13707 | Orc:2    | Bought a steaming rapier for 279 gold pieces
 13707 | Orc:2    | Identified the +5 rapier "Fuyddem" {speed, Int+4} (You
                  | bought it in a shop on level 2 of the Orcish Mines)
 13772 | Orc:2    | Found Laxzolae's Book Emporium.
 13778 | Orc:2    | Noticed an orc high priest
 13778 | Orc:2    | Noticed an orc high priest
 13779 | Orc:2    | Noticed a soul eater
 13786 | Orc:2    | Noticed a sun demon
 13788 | Orc:2    | Killed an orc high priest
 13790 | Orc:2    | Killed an orc high priest
 13793 | Orc:2    | Noticed an orc high priest
 13802 | Orc:2    | Killed an orc high priest
 13822 | Orc:2    | Paralysed by an orc sorcerer for 4 turns
 14108 | Orc:2    | Found Qarch's Magic Scroll Emporium.
 14110 | Orc:2    | Found Wugruo's Antique Weapon Boutique.
 14110 | Orc:2    | Found Beghiw's Antique Weapon Boutique.
 14254 | Orc:2    | Bought a scroll of teleportation for 39 gold pieces
 14254 | Orc:2    | Bought a scroll of magic mapping for 45 gold pieces
 14266 | Orc:2    | Bought a book of Maledictions for 288 gold pieces
 14266 | Orc:2    | Bought a book of Geomancy for 352 gold pieces
 14272 | Orc:2    | Learned a level 5 spell: Lee's Rapid Deconstruction
 14276 | Orc:2    | Learned a level 3 spell: Tukima's Dance
 14465 | Orc:2    | Found a staircase to the Elven Halls.
 14559 | D:11     | Reached XP level 13. HP: 98/98 MP: 26/26
 14592 | Lair:1   | Entered Level 1 of the Lair of Beasts
 14634 | Lair:1   | Found a dark tunnel.
 14642 | Volcano  | Entered a volcano
 15389 | Lair:1   | Reached ****** piety under Cheibriados
 15673 | Lair:1   | Noticed Sonja
 15680 | Lair:1   | Killed Sonja
 16414 | Lair:2   | Found a staircase to the Snake Pit.
 16714 | Lair:2   | Reached skill level 10 in Spellcasting
 17102 | Lair:2   | Learned a level 6 spell: Statue Form
 17105 | Lair:2   | Learned a level 2 spell: Blink
 17346 | Lair:3   | Reached XP level 14. HP: 106/106 MP: 28/28
 17377 | Lair:3   | Reached skill level 10 in Dodging
 17388 | Lair:3   | Found a staircase to the Shoals.
 17880 | Lair:3   | Learned a level 4 spell: Summon Lightning Spire
 18489 | Lair:4   | Reached skill level 10 in Stealth
 19121 | Lair:5   | Reached skill level 10 in Invocations
 19378 | Lair:5   | You fall into a shaft and drop 1 floor!
 19378 | Lair:6   | Entered Level 6 of the Lair of Beasts
 19379 | Lair:6   | Found a staircase to the Slime Pits.
 21466 | Snake:1  | Entered Level 1 of the Snake Pit
 21632 | Orc:2    | Bought a scroll of enchant armour for 97 gold pieces
 21632 | Orc:2    | Bought a scroll of amnesia for 45 gold pieces
 21632 | Orc:2    | Bought a scroll of blinking for 97 gold pieces
 21632 | Orc:2    | Bought a scroll of amnesia for 45 gold pieces
 21632 | Orc:2    | Bought a scroll of amnesia for 45 gold pieces
 21641 | Orc:2    | Learned a level 6 spell: Starburst
 21950 | Snake:1  | Reached XP level 15. HP: 115/115 MP: 25/29
 22365 | Snake:1  | Reached skill level 10 in Earth Magic
 22962 | Snake:1  | Reached skill level 10 in Fighting
 22962 | Snake:1  | Reached skill level 10 in Short Blades
 22962 | Snake:1  | Reached skill level 10 in Long Blades
 22962 | Snake:1  | Reached skill level 10 in Axes
 22962 | Snake:1  | Reached skill level 10 in Maces & Flails
 22962 | Snake:1  | Reached skill level 10 in Polearms
 22962 | Snake:1  | Reached skill level 10 in Staves
 22962 | Snake:1  | Reached skill level 10 in Slings
 22962 | Snake:1  | Reached skill level 10 in Bows
 22962 | Snake:1  | Reached skill level 10 in Crossbows
 22962 | Snake:1  | Reached skill level 10 in Throwing
 22962 | Snake:1  | Reached skill level 10 in Armour
 22962 | Snake:1  | Reached skill level 10 in Shields
 22962 | Snake:1  | Reached skill level 10 in Unarmed Combat
 22962 | Snake:1  | Reached skill level 10 in Evocations
 23960 | Snake:2  | Noticed a nagaraja
 24528 | Snake:2  | Noticed a nagaraja
 24537 | Snake:2  | Noticed a nagaraja
 24538 | Snake:2  | Killed a nagaraja
 24546 | Snake:2  | Killed a nagaraja
 24550 | Snake:2  | Killed a nagaraja
 25212 | Snake:3  | Noticed Agnes
 25222 | Snake:3  | Killed Agnes
 25292 | Snake:3  | Noticed a nagaraja
 25301 | Snake:3  | Killed a nagaraja
 25666 | Snake:3  | Reached XP level 16. HP: 123/123 MP: 26/31
 25720 | Snake:3  | Noticed a nagaraja
 25731 | Snake:3  | Killed a nagaraja
 26627 | Snake:4  | Entered Level 4 of the Snake Pit
 26757 | Snake:4  | Noticed a nagaraja
 26762 | Snake:4  | Killed a nagaraja
 27188 | Snake:4  | Found Nuckots's Antique Weapon Shoppe.
 27195 | Snake:4  | Noticed Vashnia
 27210 | Snake:4  | Killed Vashnia
 27227 | Snake:4  | Found Wowkep's Magic Scroll Shoppe.
 27514 | Snake:4  | Bought a scroll of holy word for 112 gold pieces
 27514 | Snake:4  | Bought a scroll of teleportation for 45 gold pieces
 27514 | Snake:4  | Bought a scroll of enchant armour for 112 gold pieces
 27514 | Snake:4  | Bought a scroll of fear for 52 gold pieces
 27514 | Snake:4  | Bought a scroll of teleportation for 45 gold pieces
 27514 | Snake:4  | Bought a scroll of acquirement for 780 gold pieces
 27514 | Snake:4  | Acquired 544 gold pieces
 28048 | Snake:4  | Reached XP level 17. HP: 131/131 MP: 27/33
 28484 | Snake:4  | Reached skill level 10 in Transmutations
 28504 | Snake:4  | Got a serpentine rune of Zot
 29327 | D:12     | Found a portal to a secret trove of treasure.
 29378 | D:12     | Noticed Nergalle
 29384 | D:12     | Killed Nergalle
 29856 | D:12     | Reached skill level 10 in Conjurations
 29856 | D:12     | Reached skill level 10 in Hexes
 29856 | D:12     | Reached skill level 10 in Summonings
 29856 | D:12     | Reached skill level 10 in Necromancy
 29856 | D:12     | Reached skill level 10 in Translocations
 29856 | D:12     | Reached skill level 10 in Fire Magic
 29856 | D:12     | Reached skill level 10 in Ice Magic
 29856 | D:12     | Reached skill level 10 in Air Magic
 29856 | D:12     | Reached skill level 10 in Poison Magic
 30180 | D:12     | Got the Papyrus of Black Rituals and Translocation
 31029 | D:12     | Noticed Rupert
 31037 | D:12     | Killed Rupert
 31329 | D:13     | Found a gate to the Vaults.
 31338 | Vaults:1 | Entered Level 1 of the Vaults
 31476 | D:13     | Reached XP level 18. HP: 140/140 MP: 34/34
 31611 | D:13     | Got Gutenul's Guide on Dark Rituals
 31984 | Vaults:1 | You fall into a shaft and drop 1 floor!
 32392 | Vaults:1 | Found Juvetwui's Distillery.
 32399 | Vaults:1 | Bought 2 potions of heal wounds for 180 gold pieces
 32399 | Vaults:1 | Bought 2 potions of curing for 108 gold pieces
 34277 | Vaults:2 | Reached XP level 19. HP: 92/147 MP: 8/36
 34586 | Vaults:1 | Learned a level 7 spell: Summon Hydra
 36643 | Vaults:3 | Found a staircase to the Crypt.
 36648 | Crypt:1  | Entered Level 1 of the Crypt
 36697 | Crypt:1  | Paralysed by a vampire knight for 4 turns
 38003 | Crypt:1  | Reached XP level 20. HP: 156/156 MP: 36/37
 38306 | Crypt:2  | Paralysed by something for 3 turns
 39059 | Crypt:2  | Paralysed by something for 7 turns
 39537 | Crypt:3  | Entered Level 3 of the Crypt
 40458 | Crypt:3  | Found an ancient bone altar of Kikubaaqudgha.
 40458 | Crypt:3  | Noticed a dread lich
 40473 | Crypt:3  | Killed a dread lich
 40707 | Crypt:3  | Got Loit's Compendium of Stolen Souls
 41251 | Crypt:3  | Noticed a bone dragon
 41261 | Crypt:3  | Killed a bone dragon
 41527 | Crypt:3  | Found a staircase to the Tomb.
 41547 | Tomb:1   | Entered Level 1 of the Tomb of the Ancients
 41668 | Tomb:1   | Paralysed by a sphinx for 3 turns
 41684 | Tomb:1   | Noticed a royal mummy
 41710 | Tomb:1   | Killed a royal mummy
 41711 | Tomb:1   | Reached XP level 21. HP: 44/164 MP: 14/39
 42490 | Tomb:1   | Gained mutation: Your spells are a little easier to cast,
                  | but a little less powerful. [mutagenic glow]
 42511 | Tomb:1   | Noticed a royal mummy
 42520 | Tomb:1   | Killed a royal mummy
 42521 | Tomb:1   | Reached skill level 15 in Invocations
 42933 | Tomb:1   | Noticed a royal mummy
 42943 | Tomb:1   | Killed a royal mummy
 44116 | Shoals:1 | Entered Level 1 of the Shoals
 44116 | Shoals:1 | Noticed Aizul
 44126 | Shoals:1 | Killed Aizul
 44322 | Shoals:1 | Noticed Kirke
 44331 | Shoals:1 | Killed Kirke
 46822 | Shoals:3 | Found Piucue's General Store.
 47055 | Shoals:4 | Entered Level 4 of the Shoals
 47089 | Shoals:4 | Noticed Mara
 47096 | Shoals:4 | Noticed BOMJPIETVODKU's illusion
 47129 | Shoals:4 | Killed Mara
 47130 | Shoals:4 | Reached skill level 15 in Spellcasting
 47266 | Shoals:4 | Identified the +8 war axe of Precise Incision {speed,
                  | Dex+4}
 47358 | Shoals:4 | Found Vaskup's Armour Boutique.
 47362 | Shoals:4 | Noticed Nikola
 47383 | Shoals:4 | Killed Nikola
 47384 | Shoals:4 | Reached XP level 22. HP: 117/173 MP: 41/41
 47815 | Shoals:4 | Found the +8 Vampire's Tooth {vamp}
 48160 | Shoals:4 | Identified the ring of Uxtako {rN+ Will+ Int+6 Stlth+}
 48699 | Shoals:4 | Reached skill level 15 in Dodging
 48825 | Shoals:4 | Got a barnacled rune of Zot
 50229 | D:15     | Entered Level 15 of the Dungeon
 50229 | D:15     | Noticed Josephine
 50235 | D:15     | Killed Josephine
 50329 | D:15     | Found the +3 giant club "Skullcrusher" {speed, Str+7}
 50345 | D:15     | Reached skill level 15 in Stealth
 50930 | D:15     | Found a staircase to the Depths.
 51175 | Depths:1 | Entered Level 1 of the Depths
 51568 | Depths:1 | Slain by a hell knight

Illustrated notes

Levels and vault maps discovered:
D:1:      wheals_arrival_linesprint, layout_basic, serial_glass,
          glass_columns_c, glass_columns_c, ebering_ecumenical_altar_rust,
          roderic_cross_of_infinity
D:2:      layout_loops_ring
D:3:      layout_basic
D:4:      minmay_spotlight, layout_basic, minmay_temple_entry_enclosed_plants,
          enter_ossuary_3, kennysheep_generic_room_5
D:5:      layout_rooms, lemuel_crystal_altar, due_unseen_surprise
D:6:      layout_rooms, nicolae_ashenzari_panopticon, serial_bayou_lagoon_a
D:7:      layout_loops_ring, kennysheep_mini_moat,
          gammafunk_temple_overflow_arena, hangedman_decor_points,
          doesnt_shop_hydraphobe
D:8:      layout_loops_ring, grunt_temple_overflow_champion_of_chaos,
          nicolae_qazlal_general_emergency
D:9:      layout_roguey, nicolae_good_shop
D:10:     minmay_shrinking_squares, layout_stronghold, serial_shops,
          nicolae_lakefront_shop, shop, ebering_ghost_disaster_area, uniq_harold
D:11:     layout_roguey, david_lair_shrubbed, orc_0_dummy, serial_undead,
          serial_undead_c, serial_undead_f, serial_undead_e, serial_undead_c,
          david_defended_altar_orc
D:12:     minmay_tearing_corner, layout_stronghold, enter_trove_3,
          gauntlet_entry_generic, uniq_nergalle, uniq_rupert
D:13:     layout_basic, hangedman_vaults_entry_quadrant_bands, minmay_between
D:14:     layout_loops_cross, hangedman_abyss_or_decor_stagger
D:15:     grunt_enter_depths_snipers, layout_long_grid, nicolae_lava_and_water,
          grunt_decor_fettered, minmay_guarded_unrand_skullcrusher,
          uniq_josephine
Temple:   regret_index_temple_generic_petals
Lair:1:   kb_forest_paths, layout_chaotic_city, enter_volcano_1,
          chequers_serial_rivers_micro_e, uniq_sonja
Lair:2:   layout_misc_corridors, minmay_snake_entry_guardpost_small,
          grunt_megastairs_4, infiniplex_staircase_pool_2
Lair:3:   layout_regular_city, minmay_shoals_entry_lonely_mermaid
Lair:4:   layout_loops_ring, grunt_megastairs_1
Lair:5:   layout_gridlike
Lair:6:   minmay_lair_end_enchanted_forest, layout_gridlike,
          minmay_slime_entry_pillars
Shoals:1: layout_shoals, uniq_aizul, uniq_kirke
Shoals:2: layout_shoals
Shoals:3: layout_shoals, serial_shops, shop, nicolae_shoals_mertower
Shoals:4: shoals_end_hangedman, layout_shoals, serial_shops,
          nicolae_shop_behind_doors, uniq_mara, uniq_nikola
Snake:1:  layout_misc_corridors, nicolae_snake_gridmaze_swirls
Snake:2:  nicolae_cobra_stairs, layout_grid_shapes
Snake:3:  layout_cave_town, uniq_agnes
Snake:4:  snake_pit_salamanders_mu, layout_cave_town, minmay_shop_star,
          lemuel_fruit_tree, uniq_vashnia
Orc:1:    layout_caves, minmay_orc_temple_a
Orc:2:    st_orc_elflike, layout_caves, serial_shops, shop, shop, shop
Vaults:1: nicolae_vaults_little_squares_3, hangedman_vaults_maws, v_rooms_4,
          nicolae_vaults_alarming, vaults_dpeg_ring, nicolae_vaults_asterisk,
          layout_vaults_chaotic_city, serial_shops, shop
Vaults:2: ontoclasm_vaults_bender, vaults_mumra_chevron, v_pattern_3,
          vaults_standard_mumra_enter_the_diamond, grunt_vaults_twisty,
          v_misc_2, nicolae_vaults_twisting_passages, ontoclasm_vaults_chip,
          ontoclasm_vaults_gateway, vaults_dpeg_diagonal, layout_vaults_omnigrid
Vaults:3: nicolae_vaults_ninety_degrees, v_pattern_1, grunt_vaults_funnel,
          v_alt_pattern_6, grunt_tower_of_power, v_misc_16,
          nicolae_vaults_puzzle_piece, nicolae_vaults_network_periphery,
          minmay_crypt_entry_simple_walls, ontoclasm_vaults_pinch,
          ontoclasm_vaults_hangar, vaults_room_grid, layout_vaults_omnibox,
          serial_shops, shop, uniq_bai_suzhen
Crypt:1:  layout_chaotic_city, nrook_guardian_serpent_ordinary
Crypt:2:  layout_rooms, st_burial_chamber
Crypt:3:  cryptofortress_bobbens
Tomb:1
Depths:1: layout_gridlike, pf_coc_iceberg, abyss_entry,
          gammafunk_ghost_berserking_beasts, minmay_misc_feat_more_columns,
          kennysheep_opposing_triangles

Skill      XL: |  1  2  3  4  5  6  7  8  9 10 11 12 13 14 15 16 17 18 19 20 21 22 |
---------------+-------------------------------------------------------------------+-----
Transmutations | 2 3 4 5 6 7 8 9 10 11 12 | 12.8
Spellcasting   | 5 6 7 8 9 10 11 12 13 14 15 | 15.3
Invocations    | 1 2 3 4 5 6 7 8 9 10 11 12 13 14 15 | 15.8
Fighting       | 1 2 3 4 5 6 7 8 9 10 11 12 13 14 | 14.6
Short Blades   | 1 2 3 4 5 6 7 8 9 10 11 12 13 14 | 14.6
Long Blades    | 1 2 3 4 5 6 7 8 9 10 11 12 13 14 | 14.6
Axes           | 1 2 3 4 5 6 7 8 9 10 11 12 13 14 | 14.6
Maces & Flails | 1 2 3 4 5 6 7 8 9 10 11 12 13 14 | 14.6
Polearms       | 1 2 3 4 5 6 7 8 9 10 11 12 13 14 | 14.6
Staves         | 1 2 3 4 5 6 7 8 9 10 11 12 13 14 | 14.6
Slings         | 1 2 3 4 5 6 7 8 9 10 11 12 13 14 | 14.6
Bows           | 1 2 3 4 5 6 7 8 9 10 11 12 13 14 | 14.6
Crossbows      | 1 2 3 4 5 6 7 8 9 10 11 12 13 14 | 14.6
Throwing       | 1 2 3 4 5 6 7 8 9 10 11 12 13 14 | 14.6
Armour         | 1 2 3 4 5 6 7 8 9 10 11 12 13 14 | 14.6
Shields        | 1 2 3 4 5 6 7 8 9 10 11 12 13 14 | 14.6
Unarmed Combat | 1 2 3 4 5 6 7 8 9 10 11 12 13 14 | 14.6
Evocations     | 1 2 3 4 5 6 7 8 9 10 11 12 13 14 | 14.6
Conjurations   | 1 2 3 4 5 6 7 8 9 10 11 12 | 12.6
Hexes          | 1 2 3 4 5 6 7 8 9 10 11 12 | 12.6
Summonings     | 1 2 3 4 5 6 7 8 9 10 11 12 | 12.6
Necromancy     | 1 2 3 4 5 6 7 8 9 10 11 12 | 12.6
Translocations | 1 2 3 4 5 6 7 8 9 10 11 12 | 12.6
Fire Magic     | 1 2 3 4 5 6 7 8 9 10 11 12 | 12.6
Ice Magic      | 1 2 3 4 5 6 7 8 9 10 11 12 | 12.6
Air Magic      | 1 2 3 4 5 6 7 8 9 10 11 12 | 12.6
Poison Magic   | 1 2 3 4 5 6 7 8 9 10 11 12 | 12.6
Dodging        | 5 6 7 8 9 10 11 12 13 14 15 | 15.2
Stealth        | 5 6 7 8 9 10 11 12 13 14 15 | 15.1
Earth Magic    | 6 7 8 9 10 11 12 13 | 13.5

Action                   |  1- 3 |  4- 6 |  7- 9 | 10-12 | 13-15 | 16-18 | 19-21 | 22-24 || total
-------------------------+-------+-------+-------+-------+-------+-------+-------+-------++-------
Melee: Whip              |     7 |       |       |       |       |       |       |       ||     7
       Unarmed           |     4 |       |       |       |     7 |       |       |       ||    11
       Bite              |     7 |    15 |    21 |    34 |   115 |   150 |   204 |    27 ||   573
       Dagger            |    96 |   145 |       |       |       |       |       |       ||   241
       Demon blade       |       |    54 |   197 |   192 |   398 |   453 |   622 |   112 ||  2028
       Punch             |       |     1 |     4 |       |       |       |       |       ||     5
Throw: Throwing net      |       |       |       |       |       |       |     3 |     1 ||     4
 Cast: Sandblast         |    20 |    49 |    27 |       |       |       |       |       ||    96
       Passwall          |       |       |     2 |       |       |     1 |     2 |       ||     5
       Stone Arrow       |       |       |     6 |   111 |   149 |    45 |    22 |       ||   333
       Wereblood         |       |       |     5 |    10 |    36 |    13 |    16 |     4 ||    84
       Olgreb's Toxic Ra |       |       |       |    15 |    27 |    26 |    25 |    16 ||   109
       Lee's Rapid Decon |       |       |       |       |     9 |     7 |     1 |       ||    17
       Statue Form       |       |       |       |       |    33 |    46 |    54 |    19 ||   152
       Summon Lightning  |       |       |       |       |    17 |    11 |    28 |     2 ||    58
       Starburst         |       |       |       |       |     8 |    24 |    73 |    30 ||   135
       Summon Hydra      |       |       |       |       |       |       |    33 |     3 ||    36
Invok: Bend Time         |       |       |     1 |     3 |       |     2 |       |       ||     6
       Slouch            |       |       |       |     1 |       |       |       |       ||     1
       Step From Time    |       |       |       |       |       |       |     1 |       ||     1
Evoke: Condenser vane    |       |       |       |       |       |     1 |     1 |       ||     2
       Wand              |       |       |       |       |       |       |     1 |    44 ||    45
  Use: Scroll            |       |    13 |     7 |    12 |     7 |     3 |     6 |     2 ||    50
       Potion            |       |     2 |     3 |    12 |     2 |     6 |     9 |       ||    34
 Stab: Sleeping          |     8 |     4 |     2 |     3 |    11 |     8 |     8 |     4 ||    48
       Distracted        |       |     1 |       |     1 |    10 |    17 |    25 |     2 ||    56
       Invisible         |       |     1 |       |     6 |       |       |       |       ||     7
       Held in net/web   |       |       |       |       |       |       |     1 |       ||     1
Armor: Robe              |    12 |    30 |    45 |       |       |       |       |       ||    87
       Acid dragon scale |       |       |    18 |    69 |       |       |       |       ||    87
       Ring mail         |       |       |       |       |    49 |    19 |    35 |     7 ||   110
       Skin              |       |       |       |       |   104 |   158 |   295 |    70 ||   627
Dodge: Dodged            |    54 |   128 |   217 |   206 |   493 |   767 |  1242 |   277 ||  3384
Block: Other             |    20 |    39 |    31 |       |       |       |       |       ||    90
       Buckler           |       |       |    70 |   177 |   464 |   525 |   810 |   228 ||  2274
       Reflection        |       |       |     1 |     5 |    33 |    84 |    61 |    18 ||   202
       Rpst.: Demon blade |       |    16 |    48 |    38 |   115 |   129 |   223 |    48 ||   617
